[Event "Slovakian-ch Youth 2022"]
[Site "Lubovna"]
[Date "2022.05.23"]
[Round "3.6"]
[White "Brnusak, Tomas"]
[Black "Vadila, Ondrej"]
[Result "1/2-1/2"]
[ECO "B40"]
[WhiteElo "2212"]
[BlackElo "2082"]
[Annotator "TA"]
[PlyCount "95"]
[EventDate "2022.05.22"]
[EventCountry "SVK"]
[SourceTitle "playchess.com"]
[Source "ChessBase"]
[SourceQuality "1"]
[TimeControl "40/5400+30:1800+30"]

1. e4 c5 2. Nf3 e6 3. d4 cxd4 4. Nxd4 Nf6 5. Bd3 d6 6. O-O Be7 7. c4 Nc6 {[%emt 0:00:35] B40: Sicilian: 2...e6, Unusual lines.} 8. Nc2 O-O 9. Nc3 b6 {[%emt 0:00:59] [#] White has an edge.} 10. f4 $146 ({Predecessor:} 10. b3 Bb7 11. Bb2 Rc8 12. Ne3 Qc7 13. Rc1 Qb8 14. f4 Rfd8 15. Ng4 Nb4 16. Bb1 {1-0 (28) Schmidt,H (2412)-Wobbe,S (2185) Bargteheide 2011}) 10... Bb7 11. Qe2 Rc8 12. Be3 Re8 (12... Nd7 $11) 13. Rad1 $14 Qc7 14. g4 (14. b4 $16) 14... Nd7 $11 15. b4 a6 (15... Qd8 $11) 16. a3 (16. g5 $14) 16... Bf6 17. Na4 Ncb8 (17... e5 $11) 18. g5 $16 Be7 19. Nd4 Nc6 20. Qf2 Rb8 21. Ne2 {[%emt 0:03:27][%cal Ra4b6] 0x0.0008433ab1cedp-1022s more active pieces. The black rooks are badly placed.} Ba8 22. Qg3 Bf8 23. Rf3 g6 24. h4 Bg7 25. Rf2 (25. Nac3 $16) 25... Ne7 $14 26. Nac3 {[%emt 0:02:35][%cal Oh4h5] Hoping for h5!} Qc6 (26... f5 $14) 27. Kh2 (27. Qh3 $16) 27... Qc7 (27... f5 $14) 28. Rc1 (28. h5 $1 $16) 28... Rbc8 (28... f5 $14) 29. c5 $2 (29. h5 $1 $16) 29... dxc5 30. Bxa6 Rcd8 31. Nb5 Qc6 (31... Qb8 $5 32. Nbc3 Nc8 $11) 32. Nbc3 $1 Qc7 33. Bd3 {[%emt 0:00:21] [#]} (33. Nb5 $11 Qb8 34. Nec3) 33... Bc6 ({Black should play} 33... Ne5 $1 $17 34. Bb5 Nd3 35. Bxe8 Nxc1 36. Bxc1 Rxe8 37. bxc5 Qxc5) 34. Nb5 (34. Rd1 $11 {keeps the balance.}) 34... Qb8 $17 {[%emt 0:00:36][%cal Od7e5] White must now prevent ...Ne5!} 35. bxc5 (35. Rd1 $17) 35... bxc5 $19 36. a4 {[%emt 0:00:30] [#]} Ne5 $1 37. fxe5 (37. Bc2 $142 Nd3 38. Nec3) 37... Rxd3 38. Rxc5 Bxe4 {[%emt 0:01:18] ...Nf5 is the strong threat.} 39. Nd6 Nf5 (39... Nd5 $142 40. Rb5 {[#]} Qa8 $1 41. Nxe4 Rxe3) 40. Rxf5 $2 (40. Qf4 Rxe3 41. Nxe4) 40... exf5 (40... gxf5 $2 {loses.} 41. Nxe8 Qxe8 42. Nf4 $19) 41. Nxe8 {[%emt 0:08:21] Threatens to win with Nf6+.} Qxe8 42. a5 (42. Kg1 $142) 42... Rd1 43. Qf4 $2 (43. Qf2) 43... Rd5 $2 (43... Bd5 $19 {has better winning chances.} 44. Qf2 Bxe5+ 45. Nf4 Qa4) 44. Rxd5 $17 Bxd5 {[%emt 0:00:09] A strong pair of Bishops.} 45. Bd4 Qb5 46. Qd2 Qb1 {[%emt 0:00:23] ( -> ...Qh1+)} 47. Ng3 {[%emt 0:02:41] Inhibits Qh1+.} (47. Kg3 $15) 47... Qb5 (47... Bf3 $17 {[%cal Of5f4] Strongly threatening ...f4!} 48. Kh3 Qb3) 48. Bc3 $2 {[%emt 0:01:32][%mdl 40960] Weighted Error Value: White=0.61/Black=0.53. An unexpected result.} (48. Ne2 $1 $11 {and White is okay.}) 1/2-1/2

[Event "Slovakian-ch Youth 2022"]
[Site "Lubovna"]
[Date "2022.05.23"]
[Round "3.6"]
[White "Hudak, Jan"]
[Black "Hasala, Richard"]
[Result "1/2-1/2"]
[ECO "B50"]
[WhiteElo "1688"]
[BlackElo "1318"]
[Annotator "NA RC COMBH"]
[PlyCount "80"]
[EventDate "2022.05.22"]
[EventCountry "SVK"]
[SourceTitle "playchess.com"]
[Source "ChessBase"]
[SourceQuality "1"]
[TimeControl "40/5400+30:1800+30"]

1. e4 c5 2. Nf3 d6 3. Nc3 g6 4. Bb5+ Bd7 5. Bxd7+ Qxd7 6. d4 Bg7 7. Be3 cxd4 8. Bxd4 Bxd4 9. Qxd4 f6 10. O-O-O Nc6 11. Qd2 Rc8 12. Rhe1 Qg4 13. Rg1 a6 14. Nd4 Nxd4 15. Qxd4 Qg5+ 16. Kb1 Qa5 17. Qa4+ Qxa4 18. Nxa4 Rc4 19. Nc3 b5 20. f3 Kf7 21. Nd5 Nh6 22. Rd3 e6 23. Nc3 Ke7 24. Rgd1 Nf7 25. b3 Rc6 26. Ne2 Rhc8 27. R3d2 a5 28. f4 a4 29. Kb2 Ra6 30. Rd4 axb3 31. cxb3 g5 32. f5 e5 33. Rd5 Rb6 34. Nc3 b4 35. Ne2 Nd8 36. Rc1 Rxc1 37. Nxc1 Nb7 38. Nd3 Kd7 39. a3 bxa3+ 40. Kxa3 Ra6+ 1/2-1/2

[Event "Slovakian-ch Youth 2022"]
[Site "Lubovna"]
[Date "2022.05.23"]
[Round "3.7"]
[White "Nadzamova, Viktoria"]
[Black "Kuna, Patrik"]
[Result "1-0"]
[ECO "A08"]
[WhiteElo "2135"]
[BlackElo "1811"]
[Annotator "TA"]
[PlyCount "85"]
[EventDate "2022.05.22"]
[EventCountry "SVK"]
[SourceTitle "playchess.com"]
[Source "ChessBase"]
[SourceQuality "1"]
[TimeControl "40/5400+30:1800+30"]

1. Nf3 c5 2. g3 Nc6 3. Bg2 Nf6 4. O-O g6 5. d3 Bg7 6. Nbd2 O-O 7. Re1 d5 8. e4 dxe4 9. dxe4 Bg4 {[%emt 0:05:21] A08: King's Indian Attack.} 10. h3 Be6 (10... Bd7 $11 {keeps the balance.}) 11. Ng5 $16 Qd7 {[%emt 0:03:53] [#] White is better.} 12. e5 $146 ({Predecessor:} 12. c3 Rad8 13. Nxe6 Qxe6 14. f4 Rd3 15. Qe2 Rxg3 16. Nf1 Qxh3 17. Nxg3 Qxg3 18. Qf2 Qxf2+ 19. Kxf2 {0-1 (49) Lind,J (2231)-Mansson,P (2076) Lund 2010}) 12... Nh5 13. Bf3 (13. Nde4 $16) 13... Nxe5 (13... Bxh3 $2 14. Nxh3 (14. Bxh5 gxh5 15. Qxh5 Bf5 $17) 14... Nxe5 15. Bg2 $18) 14. Bxh5 gxh5 15. Nxe6 (15. Qxh5 Bf5 16. Ngf3 Nc6 $17) 15... fxe6 16. f4 (16. Qxh5 $14 {was the only good move.} Qd4 17. Qe2) 16... Rad8 17. Qxh5 $11 (17. fxe5 $2 Qd4+ 18. Kh1 Rf2 $19) 17... Qd4+ 18. Kg2 {[%emt 0:02:50] [#]} (18. Kh1 $11) 18... Nc4 (18... Rf5 19. Qe2 Qd5+ 20. Kg1 $11) (18... Qd5+ $1 $17 19. Kh2 Nc6) 19. Nf3 $14 (19. Rxe6 $2 Nxd2 20. Re2 Ne4 $19) 19... Qd5 20. Qg4 (20. Qxd5 $14 exd5 21. Ng5 (21. Rxe7 Rfe8 $14)) 20... e5 ({Black should try} 20... Rf6 $1 $15 21. Qg5 (21. b3 $2 Rg6 $17) 21... Qc6) 21. f5 $40 {[%emt 0:03:41][%mdl 128] White attacks.} e4 22. Rxe4 (22. Qxe4 $14 Rxf5 23. Qxd5+ Rfxd5 24. Re4 (24. Rxe7 Rd1 $11)) 22... Rxf5 $4 23. Bh6 $1 $18 ({And not} 23. Rxc4 {[#]} Rxf3 $1 24. Qe4 Rf5 $15) 23... Rf7 24. Rxc4 {[%emt 0:00:47] aiming for Rf4.} Qxf3+ 25. Qxf3 Rxf3 26. Bxg7 Rf5 27. Bh6 {[%emt 0:00:19] Against Rd2+} Rd6 28. Rg4+ Kf7 29. Rf4 Rd2+ 30. Kf3 Rxf4+ 31. Bxf4 ({Less strong is} 31. gxf4 Rxc2 32. b3 b6 $18) 31... Rxc2 {[%emt 0:00:04][%mdl 4096] Endgame KRB-KR} 32. Be5 b5 33. a3 c4 (33... a6 $142 34. Rf1 a5) 34. Re1 {[%emt 0:01:28] White is clearly winning.} a5 35. Re2 Rc1 36. Bc3 Rh1 37. Kg4 Rd1 38. Bxa5 Rd4+ 39. Kf5 Rd3 40. Kf4 Rd4+ 41. Re4 Rd3 42. Bc3 h5 43. h4 {[%emt 0:00:00] Weighted Error Value: White=0.47/Black=0.71} 1-0

[Event "Slovakian-ch Youth 2022"]
[Site "Lubovna"]
[Date "2022.05.23"]
[Round "3.7"]
[White "Tokarcik, Jan"]
[Black "Oruzinsky, Juraj"]
[Result "0-1"]
[ECO "C54"]
[WhiteElo "1313"]
[BlackElo "1656"]
[Annotator "NA RC COMBH"]
[PlyCount "74"]
[EventDate "2022.05.22"]
[EventCountry "SVK"]
[SourceTitle "playchess.com"]
[Source "ChessBase"]
[SourceQuality "1"]
[TimeControl "40/5400+30:1800+30"]

1. e4 e5 2. Nf3 Nc6 3. Bc4 Bc5 4. c3 Nf6 5. d4 exd4 6. cxd4 Bb4+ 7. Nc3 Nxe4 8. O-O Bxc3 9. bxc3 d5 10. Bd3 O-O 11. Bxe4 dxe4 12. Ng5 Bf5 13. Re1 Qd5 14. Qb3 Qxb3 15. axb3 Rfe8 16. Bf4 h6 17. Nh3 Bxh3 18. gxh3 Rac8 19. d5 Ne7 20. c4 Ng6 21. Bg3 a6 22. Re3 f5 23. f4 Nxf4 24. Bxf4 g5 25. Rg3 Kf7 26. Bd2 f4 27. Rf1 Kf6 28. Bxf4 gxf4 29. Rxf4+ Ke5 30. Rh4 Kd4 31. Rxh6 e3 32. Re6 Rxe6 33. dxe6 Re8 34. Rg6 Kd3 35. Kf1 Kd2 36. Rg2+ Kd1 37. h4 Rxe6 0-1

[Event "Slovakian-ch Youth 2022"]
[Site "Lubovna"]
[Date "2022.05.23"]
[Round "3.8"]
[White "Bidulsky, Matej"]
[Black "Rucek, Kristian"]
[Result "0-1"]
[ECO "C00"]
[WhiteElo "1800"]
[BlackElo "2128"]
[Annotator "TA"]
[PlyCount "72"]
[EventDate "2022.05.22"]
[EventCountry "SVK"]
[SourceTitle "playchess.com"]
[Source "ChessBase"]
[SourceQuality "1"]
[TimeControl "40/5400+30:1800+30"]

1. e4 e6 2. c4 d5 3. cxd5 exd5 4. exd5 Nf6 5. Bb5+ Nbd7 6. Nc3 {[%emt 0:01:50] C00: French: Unusual White 2nd moves.} a6 7. Qe2+ Be7 8. d6 {[%emt 0:00:07] Black is slightly better.} cxd6 ({Reject} 8... axb5 9. dxe7 Qxe7 10. Nxb5 $11) 9. Bc4 {[%emt 0:00:35] [#]} O-O $146 ({Predecessor:} 9... Nb6 10. Bb3 Bg4 11. Nf3 O-O 12. O-O d5 13. d4 h6 14. Qd3 Rc8 15. Ne5 Be6 {1-0 (22) Rincon,J (1901)-Sadeghi,P (1777) Geneve 2020}) 10. d4 b5 11. Bd3 Re8 12. Nh3 b4 13. Nd1 Nf8 14. Ne3 {[%emt 0:02:36] Prevents Bg4.} d5 15. Nf4 (15. Ng5 $15) 15... Bd6 $17 16. Nh5 g6 17. Nxf6+ Qxf6 18. O-O (18. Kf1 $142) 18... Qxd4 {[%emt 0:19:18] Black is more active.} 19. Rd1 Qe5 20. g3 Bb7 {[%emt 0:14:01] And now ...d4 would win.} 21. Qf3 Nd7 (21... h5 $17 {...Ne6 is the strong threat.} 22. Bc2 Bc5) 22. Bc4 $11 Nb6 ({Better is} 22... dxc4 $11 23. Qxb7 Nc5 24. Qxb4 Nb3 $1 25. Rxd6 Nxa1) 23. Ng4 $14 Qe7 24. Nf6+ Kg7 {[%emt 0:00:09] [#]} 25. Bg5 dxc4 $15 26. Nxe8+ Rxe8 {[%emt 0:00:37] The board is on fire.} 27. Bxe7 Bxf3 28. Rxd6 Rxe7 29. Rxb6 {[%emt 0:00:06][%mdl 4096] Endgame KRR-KRB} a5 30. Rb5 Re2 31. Rb1 {[%emt 0:02:05][%mdl 8192] This move loses the game for White.} (31. b3 $1 $15 c3 32. Rxa5) 31... Be4 $19 {[%emt 0:03:04] Black is clearly winning.} 32. Re5 (32. Rc1 $142 Rxb2 33. Rxa5) 32... Bxb1 33. Rxe2 {[%emt 0:00:08] Hoping for Re5.} Bxa2 {[%emt 0:00:02] Threatens to win with ...c3.} 34. Re5 a4 35. Kf1 c3 36. bxc3 b3 {[%emt 0:00:06] Weighted Error Value: White=0.70/Black=0.11 (very precise)} 0-1

[Event "Slovakian-ch Youth 2022"]
[Site "Lubovna"]
[Date "2022.05.23"]
[Round "3.8"]
[White "Ammer, Erik"]
[Black "Vargosko, Juraj"]
[Result "0-1"]
[ECO "B01"]
[WhiteElo "1320"]
[BlackElo "1640"]
[Annotator "NA RC COMBH"]
[PlyCount "96"]
[EventDate "2022.05.22"]
[EventCountry "SVK"]
[SourceTitle "playchess.com"]
[Source "ChessBase"]
[SourceQuality "1"]
[TimeControl "40/5400+30:1800+30"]

1. e4 d5 2. exd5 Nf6 3. Nc3 Nxd5 4. Nxd5 Qxd5 5. d4 Nc6 6. Nf3 Bg4 7. Be2 O-O-O 8. Be3 e5 9. Nxe5 Bxe2 10. Qxe2 Nxe5 11. dxe5 Qxg2 12. Rf1 Qe4 13. f4 Be7 14. Rd1 Bh4+ 15. Bf2 Rxd1+ 16. Kxd1 Rd8+ 17. Ke1 Qxf4 18. Bxh4 Qxh4+ 19. Qf2 Qb4+ 20. c3 Qe4+ 21. Qe2 Qd5 22. c4 Qa5+ 23. Kf2 Rd2 24. Re1 Qc5+ 25. Kf1 Rxe2 26. Rxe2 Qxc4 27. b3 Qf4+ 28. Ke1 Kd7 29. Rd2+ Qxd2+ 30. Kxd2 Ke6 31. Kd3 Kxe5 32. Ke3 f5 33. h4 f4+ 34. Kf3 Kf5 35. h5 g5 36. a4 g4+ 37. Kg2 Kg5 38. a5 Kxh5 39. b4 Kg5 40. b5 h5 41. Kh2 b6 42. a6 h4 43. Kg2 f3+ 44. Kh2 g3+ 45. Kh3 f2 46. Kg2 Kh5 47. Kf1 h3 48. Ke2 h2 0-1

[Event "Slovakian-ch Youth 2022"]
[Site "Lubovna"]
[Date "2022.05.23"]
[Round "3.9"]
[White "Priechodsky, Radovan"]
[Black "Mederly, Jan"]
[Result "0-1"]
[ECO "B13"]
[WhiteElo "1965"]
[BlackElo "1446"]
[Annotator "TA"]
[PlyCount "66"]
[EventDate "2022.05.22"]
[EventCountry "SVK"]
[SourceTitle "playchess.com"]
[Source "ChessBase"]
[SourceQuality "1"]
[TimeControl "40/5400+30:1800+30"]

1. c4 c6 2. e4 d5 3. cxd5 cxd5 4. exd5 Nf6 5. Nc3 Nxd5 6. d4 Nc6 {[%emt 0:01:25] 6...e6 is vanishing.} 7. Bc4 {[%emt 0:01:05] B13: Caro-Kann: Exchange Variation and Panov-Botvinnik Attack.} Be6 8. Bb3 $1 g6 9. Nf3 {[%emt 0:01:07] The position is equal.} Bg7 10. O-O O-O {[%emt 0:01:52] [#]} 11. Be3 $146 ({Predecessor:} 11. Re1 Rc8 12. Bg5 Re8 13. h3 Nxc3 14. bxc3 Bd5 15. Rc1 Na5 16. Bxd5 Qxd5 17. Bxe7 {1-0 (46) Bombek,P (2183)-Walek,P (2276) Ceske Budejovice 2021}) 11... Nxe3 12. fxe3 {[%emt 0:00:18] [#] Black must now prevent d5.} Bxb3 13. Qxb3 Na5 14. Qc2 Nc4 15. Rfe1 Rc8 16. Rad1 e6 17. b3 Nd6 18. Qd3 Qa5 19. Na4 ({Better is} 19. Rc1 $15) 19... Rfd8 $17 20. Rc1 Nf5 21. g4 {[%emt 0:07:34] Rxc8 is the strong threat.} Ne7 22. Rxc8 (22. Nc3 $142) 22... Rxc8 23. e4 (23. h3 $17) 23... b5 24. Nc5 Nc6 ({And not} 24... Qxa2 25. Qxb5 Qc2 26. e5 $15) 25. Rc1 $2 {[%emt 0:02:02][%mdl 8192] Now White is beyond hope.} (25. e5 $17 {is a better chance.}) 25... Qa3 $19 ({Stronger than} 25... Qxa2 26. Nd7 $17) 26. Qc3 {[%emt 0:01:44] [#]} Bxd4+ $1 27. Nxd4 Nxd4 28. Kf1 {[%emt 0:00:21] Inhibits Ne2.} e5 29. b4 Qxa2 {[%emt 0:00:38] ( -> ...Qe2+)} 30. Qg3 Ne2 31. Qxe5 Nxc1 32. Nd7 Qe2+ 33. Kg1 Qe3+ {[%emt 0:00:15] Weighted Error Value: White=1.30/Black=0.31} 0-1

[Event "Slovakian-ch Youth 2022"]
[Site "Lubovna"]
[Date "2022.05.23"]
[Round "3.9"]
[White "Kluska, Lukas"]
[Black "Paholok, Adam"]
[Result "0-1"]
[ECO "A10"]
[WhiteElo "1215"]
[BlackElo "1449"]
[Annotator "NA RC COMBH"]
[PlyCount "80"]
[EventDate "2022.05.22"]
[EventCountry "SVK"]
[SourceTitle "playchess.com"]
[Source "ChessBase"]
[SourceQuality "1"]
[TimeControl "40/5400+30:1800+30"]

1. c4 g6 2. d4 c5 3. e3 Bg7 4. Nf3 d6 5. Be2 Nf6 6. Nc3 O-O 7. O-O Bg4 8. h3 Bc8 9. dxc5 dxc5 10. Nd5 Nc6 11. Nxf6+ Bxf6 12. e4 Be6 13. Bh6 Re8 14. Qc2 Nd4 15. Nxd4 Qxd4 16. Rfd1 Qe5 17. f4 Qxb2 18. Qxb2 Bxb2 19. Rab1 Bd4+ 20. Kh2 b6 21. Bd3 Rad8 22. f5 Bd7 23. Rf1 Bxf5 24. exf5 Be5+ 25. Kh1 Rxd3 26. fxg6 hxg6 27. Rbd1 Red8 28. Rxd3 Rxd3 29. Kg1 Bf6 30. Bf4 Ra3 31. Rd1 Bd4+ 32. Kh2 Rxa2 33. Bc7 Rc2 34. Ra1 Bxa1 35. Bb8 Rxc4 36. Bxa7 Be5+ 37. Kg1 Bc7 38. Kf2 Rc2+ 39. Kf3 Ra2 40. Bxb6 Bxb6 0-1

[Event "Slovakian-ch Youth 2022"]
[Site "Lubovna"]
[Date "2022.05.23"]
[Round "3.10"]
[White "Kapec, Kristian"]
[Black "Svorad, Tomas"]
[Result "1-0"]
[ECO "B31"]
[WhiteElo "1902"]
[BlackElo "1405"]
[Annotator "TA"]
[PlyCount "115"]
[EventDate "2022.05.22"]
[EventCountry "SVK"]
[SourceTitle "playchess.com"]
[Source "ChessBase"]
[SourceQuality "1"]
[TimeControl "40/5400+30:1800+30"]

1. e4 c5 2. Nf3 Nc6 3. Bb5 g6 4. c3 Bg7 5. O-O Nf6 6. e5 Ng4 {[%emt 0:01:04] B31: Sicilian: 2...Nc6 3 Bb5 g6.} (6... Nd5 $11) 7. d4 $14 cxd4 8. cxd4 {[%emt 0:02:20] Black must now prevent h3.} a6 {[%emt 0:06:52] [#] White is better.} 9. Bc4 $146 ({Predecessor:} 9. Bd3 d6 10. h3 Nh6 11. Nc3 Nf5 12. Be4 Bd7 13. Re1 Rb8 14. Bf4 dxe5 15. dxe5 {1-0 (36) Viageiro,V-Shah,D (1424) Port Elizabeth 2016}) 9... d5 (9... O-O $14) 10. Bd3 (10. Bb3 $16) 10... Nh6 11. Nc3 Nf5 (11... Bg4 $1 $11) 12. Bb1 b5 13. Bg5 O-O 14. Qb3 $2 (14. Bf4 $14 {keeps the upper hand.}) 14... f6 (14... Nfxd4 {is interesting.} 15. Nxd4 Nxd4 16. Qb4 Bxe5 17. Bxe7 a5) 15. exf6 exf6 16. Bxf5 (16. Nxd5 $2 Rf7 17. Bf4 Ncxd4 18. Nxd4 Nxd4 $19) 16... Bxf5 17. Be3 (17. Nxd5 $2 Kh8 18. Nxf6 Bxf6 $19) 17... Bd3 (17... Be6 $142) 18. Rfc1 $11 Bc4 19. Qc2 b4 20. b3 bxc3 21. bxc4 f5 (21... dxc4 $142 22. Qxc3 Qd5) 22. Qxc3 $16 Qa5 (22... f4 $16) 23. Qxa5 $18 Nxa5 24. cxd5 Rad8 25. Rc5 Nb7 26. Rc7 Na5 (26... Nd6 27. Bg5 Bf6 28. Bxf6 Rxf6) 27. Rac1 Rxd5 28. R1c5 (28. Ra7 $142) 28... Rxc5 29. Rxc5 ({Resist} 29. dxc5 $6 Rf7 30. Rc8+ Rf8 $16) 29... Nb7 30. Rc7 Nd8 (30... Nd6 $142 31. Rc6 Rd8 32. Rxa6 Nb5) 31. g3 Rf7 32. Rxf7 (32. Rc8 $18 Rf8 33. Ra8) 32... Kxf7 {[%emt 0:00:17][%mdl 4096] Endgame KBN-KBN} 33. Kf1 ({White should play} 33. Ng5+ $16 Ke8 34. Nxh7) 33... Ke6 $14 34. Ke2 Kd5 35. Kd3 Ne6 36. h3 f4 $2 {[%emt 0:01:37] This costs Black the game.} (36... Bh8 $11 {and Black stays safe.}) 37. gxf4 $18 ({Don't take} 37. Bxf4 Nxd4 38. Nxd4 Bxd4 $16) 37... Bh6 $2 (37... Nd8 38. Ng5 Nc6 39. Nxh7 Nb4+ 40. Kc3 Nc6) 38. Ng5 (38. f5 $142) 38... Nxg5 (38... Bxg5 $142 39. fxg5 Nd8) 39. fxg5 {[%emt 0:00:05] KB-KB} Bg7 (39... Bf8 40. Bd2 Bd6) 40. f3 (40. h4 $142 Bf8 41. f4) 40... Bh8 $2 (40... Bf8 41. f4 Ba3) 41. Kc3 Bg7 42. h4 a5 (42... Bf8 43. Kd3 Bd6) 43. a4 {[%emt 0:00:15][%cal Ba2a4,Ba4a5][%mdl 32] [#] Kd3 is the strong threat.} Bf8 44. Kd3 {[%emt 0:00:23] Threatens to win with Bd2.} Bg7 45. Bd2 Bxd4 46. Bxa5 Bf2 47. Bd2 Bxh4 48. a5 {[%emt 0:00:10] [#] White wants to mate with a6.} Bg3 49. a6 {[%emt 0:00:00] White mates.} Kc6 50. a7 Kb7 51. Be3 Bf4 52. Bxf4 Kxa7 {[%emt 0:00:00] KB-KPP} 53. Ke4 Kb7 54. Ke5 Kc7 55. Kf6+ Kd7 56. Kg7 Ke7 57. Kxh7 Kf7 58. Kh6 {[%emt 0:00:00] Weighted Error Value: White=0.59/Black=0.60} 1-0

[Event "Slovakian-ch Youth 2022"]
[Site "Lubovna"]
[Date "2022.05.23"]
[Round "3.10"]
[White "Krivosik, Matus"]
[Black "Carnecky, Viliam"]
[Result "0-1"]
[ECO "D00"]
[WhiteElo "1224"]
[BlackElo "1380"]
[Annotator "NA RC COMBH"]
[PlyCount "130"]
[EventDate "2022.05.22"]
[EventCountry "SVK"]
[SourceTitle "playchess.com"]
[Source "ChessBase"]
[SourceQuality "1"]
[TimeControl "40/5400+30:1800+30"]

1. d4 d5 2. Bf4 Nf6 3. e3 c5 4. Nc3 Bf5 5. Nf3 e6 6. Nh4 Bg6 7. Nxg6 hxg6 8. Qf3 Nc6 9. Bb5 Qb6 10. O-O-O c4 11. Qg3 Nh5 12. Qf3 Bb4 13. Bxc6+ Qxc6 14. Ne2 c3 15. bxc3 Bxc3 16. Nxc3 Qxc3 17. Kb1 Rc8 18. Qe2 Rc6 19. Qb5 O-O 20. Qd3 Rb6+ 21. Kc1 Qb2+ 22. Kd2 Rc8 23. Rb1 Qxa2 24. Rxb6 Qa5+ 25. c3 Qxb6 26. Be5 Nf6 27. f3 Nd7 28. Bf4 Qc6 29. h4 Nb6 30. h5 Nc4+ 31. Ke2 gxh5 32. Rxh5 g6 33. Rh3 Nb2 34. Be5 Kf8 35. Qc2 Qb5+ 36. Kf2 Nd3+ 37. Kg3 Ke7 38. Rh1 Nxe5 39. Rb1 Rxc3 40. Qxc3 Qxb1 41. Qc5+ Kd7 42. dxe5 Qb6 43. Qf8 Qd8 44. Qxf7+ Qe7 45. Qxg6 b5 46. Qd3 a6 47. e4 Qg5+ 48. Kf2 Qxe5 49. exd5 Qxd5 50. Qh7+ Kd6 51. Qh8 Qc5+ 52. Kf1 Qc4+ 53. Kg1 Kc5 54. Qe5+ Qd5 55. Qc3+ Kb6 56. Kf1 Qc4+ 57. Qxc4 bxc4 58. g4 Kc7 59. g5 Kd7 60. Ke2 a5 61. Kd2 a4 62. Kc2 e5 63. Kc3 a3 64. Kc2 Ke6 65. Kb1 c3 0-1

[Event "Slovakian-ch Youth 2022"]
[Site "Lubovna"]
[Date "2022.05.23"]
[Round "3.11"]
[White "Marcin, Richard"]
[Black "Cedzo, Adam"]
[Result "0-1"]
[ECO "C25"]
[WhiteElo "1325"]
[BlackElo "1869"]
[Annotator "NA RC COMBH"]
[PlyCount "31"]
[EventDate "2022.05.22"]
[EventCountry "SVK"]
[SourceTitle "playchess.com"]
[Source "ChessBase"]
[SourceQuality "1"]
[TimeControl "40/5400+30:1800+30"]

1. e4 e5 2. Ne2 Nf6 3. Nbc3 Bc5 4. d4 exd4 5. Nxd4 d6 6. Bg5 c6 7. Be2 Qb6 8. O-O $2 Bxd4 9. Na4 Qa5 10. Qxd4 Qxg5 11. Qxd6 Nxe4 12. Qd4 Nf6 13. Qb4 Nd5 14. Qa3 Qe7 ({Avoid the trap} 14... b5 $2 15. Nc5 $19) 15. Nc5 O-O $19 ({Not} 15... Qxe2 16. Rfe1 Qxe1+ 17. Rxe1+ Kd8 18. Qg3 $16) 16. Qf3 0-1

[Event "Slovakian-ch Youth 2022"]
[Site "Lubovna"]
[Date "2022.05.23"]
[Round "3.11"]
[White "Kurimsky, Kristian"]
[Black "Demjan, David"]
[Result "0-1"]
[ECO "B00"]
[WhiteElo "1006"]
[BlackElo "1375"]
[Annotator "NA RC COMBH"]
[PlyCount "96"]
[EventDate "2022.05.22"]
[EventCountry "SVK"]
[SourceTitle "playchess.com"]
[Source "ChessBase"]
[SourceQuality "1"]
[TimeControl "40/5400+30:1800+30"]

1. e4 d6 2. Bc4 Nf6 3. Nc3 c6 4. d3 g6 5. Be3 Bg7 6. Nf3 O-O 7. Qd2 Re8 8. h3 d5 9. Bb3 e5 10. d4 exd4 11. Nxd4 Nxe4 12. Nxe4 Rxe4 13. f3 Qh4+ 14. Kd1 Rxd4 15. Bxd4 Qxd4 16. Qxd4 Bxd4 17. g4 Bxb2 18. Rb1 Bc3 19. h4 Be6 20. h5 Nd7 21. hxg6 hxg6 22. Rg1 Kg7 23. Ke2 Nc5 24. Kf2 Bd4+ 25. Kg2 Bxg1 26. Rxg1 a5 27. c3 Nxb3 28. axb3 Rd8 29. f4 Bxg4 30. Kg3 f5 31. Re1 Kf6 32. Rb1 Rh8 33. b4 Rh3+ 34. Kg2 Rxc3 35. bxa5 Ra3 36. Rxb7 Rxa5 37. Rb6 Rc5 38. Kf2 d4 39. Rb4 Rd5 40. Rb6 Rd6 41. Ke1 g5 42. fxg5+ Kxg5 43. Kd2 f4 44. Rb4 f3 45. Ke1 d3 46. Rb2 d2+ 47. Rxd2 Rxd2 48. Kxd2 f2 0-1